 Dungeon Crawl Stone Soup version 0.28-a0-1312-g71652a0310 (webtiles) character file.

Game seed: 1736304847487817388

178 tilp the Cudgeller (level 5, -9/45 HPs)
             Began as a Draconian Cinder Acolyte on Dec 27, 2021.
             Was a High Priest of Ignis.
             Mangled by a wyvern (17 damage)
             ... on level 4 of the Dungeon.
             The game lasted 00:05:46 (3956 turns).

tilp the Cudgeller (Draconian Cinder Acolyte)       Turns: 3956, Time: 00:05:47

Health: -9/45      AC:  5    Str: 23    XL:     5   Next: 32%
Magic:  2/6        EV: 11    Int: 16    God:    Ignis [*****.]
Gold:   117        SH:  0    Dex:  6    Spells: 3/6 levels left

rFire   + . .      SeeInvis .   a - +0 mace (flame)
rCold   . . .      Faith    .   (no shield)
rNeg    . . .      Spirit   .   (armour unavailable)
rPois   .          Reflect  .   (helmet restricted)
rElec   .          Harm     .   (no cloak)
rCorr   .          Rampage  .   (no gloves)
Will    .....                   (no boots)
Stlth   +.........              (no amulet)
HPRegen 0.15/turn               i - +6 ring of strength
MPRegen 0.10/turn               (no ring)

@: no status effects
A: AC +5, unfitting armour, cold-blooded
a: Renounce Religion, Fiery Armour, Foxfire Swarm, Rising Flame


You were on level 4 of the Dungeon.
You worshipped Ignis.
Ignis was extremely pleased with you.
You visited 1 branch of the dungeon, and saw 4 of its levels.

You collected 117 gold pieces.

Inventory:

Hand Weapons
 a - a +0 mace of flaming (weapon)
 l - a +0 flail
Missiles
 d - 3 datura-tipped darts (quivered)
 h - 47 stones
 k - a boomerang
 n - 2 boomerangs of dispersal
 p - 5 poisoned darts
Jewellery
 i - a +6 ring of strength (left hand)
Scrolls
 c - a scroll of fog
 m - a scroll of enchant weapon
Potions
 b - a potion of heal wounds {unknown}
 e - a potion of resistance
 f - a potion of lignification {unknown}
 j - 2 potions of attraction


   Skills:
 + Level 3.3 Fighting
 - Level 6.0 Maces & Flails
 * Level 0.4 Dodging
 + Level 0.2 Stealth
 - Level 1.0 Spellcasting
 - Level 3.0 Fire Magic


You had 3 spell levels left.
You knew the following spells:

 Your Spells              Type           Power      Damage    Failure   Level
a - Foxfire               Conj/Fire      20%        2x1d5     12%         1
b - Scorch                Fire           20%        2d6       10%         2

Your spell library contained the following spells:

 Spells                   Type           Power      Damage    Failure   Level
 Blink                    Tloc           0%         N/A       34%         2
 Lesser Beckoning         Tloc           0%         N/A       56%         3
 Manifold Assault         Tloc           0%         N/A       99%         5


Dungeon Overview and Level Annotations

Branches:
Dungeon (4/15)
 Temple: D:4-7

Altars:
Xom

Shops:
D:1 [**

Annotations:
D:3 Terence


Innate Abilities, Weirdness & Mutations

Your plain brown scales are hard. (AC +5)
You cannot fit into any form of body armour.
You are cold-blooded and may be slowed by cold attacks.


Message History

Confirm with . or Enter, or press ? or * to list all spells.
You conjure some foxfire!
The foxfire hits the wyvern but does no damage.
The foxfire hits the wyvern.
The wyvern is lightly wounded.
Casting: Foxfire (safe; 12% risk of failure)
Confirm with . or Enter, or press ? or * to list all spells.
Flames lash the wyvern.
The wyvern is moderately wounded.
The wyvern's fire resistance burns away.
Casting: Scorch (safe; 10% risk of failure)
Confirm with . or Enter, or press ? or * to list all spells.
Flames lash the wyvern.
The wyvern is burned terribly!
The wyvern is heavily wounded.
The wyvern bites you!
You hit the wyvern but do no damage.
You tail-slap the wyvern, but do no damage.
The wyvern is heavily wounded.
The wyvern bites you!!
* * * LOW HITPOINT WARNING * * *
You hit the wyvern but do no damage.
Your tail-slap misses the wyvern.
The wyvern is heavily wounded.
The wyvern bites you!
* * * LOW HITPOINT WARNING * * *
The wyvern bites you but does no damage.
Unknown command.
You feel better.
The wyvern is no longer more vulnerable to fire.
The wyvern completely misses you.
The wyvern hisses menacingly.
The wyvern bites you but does no damage.
Unknown command.
Okay, then.
You hit the wyvern. You burn the wyvern.
The wyvern is severely wounded.
The wyvern bites you but does no damage.
You closely miss the wyvern.
Your tail-slap misses the wyvern.
The wyvern is severely wounded.
The wyvern bites you!
You die...

### ....# #######
.....[#########.....##
..........##.........#
...........#........##
........l@..#.....###
.................##
..............#..# ##.
.................# ##...#
.................# #.....#
......##.........##......#
....# #.................#
... ##................#
........###.........#


You could see a wyvern.

Vanquished Creatures
  A water moccasin skeleton (D:3)
  An iguana (D:4)
  A hound zombie (D:3)
  An adder (D:3)
  A worm (D:2)
  A dart slug (D:1)
  6 orcs (D:3)
  6 ball pythons
  2 bats
  5 endoplasms
  3 giant cockroaches
  6 goblins
  9 hobgoblins
  3 jackals (D:2)
  4 quokkas
  A frilled lizard (D:1)
  4 kobolds
  7 rats
62 creatures vanquished.

Vanquished Creatures (others)
  25 foxfires
25 creatures vanquished.

Grand Total: 87 creatures vanquished

Notes
Turn   | Place    | Note
-------+----------+-------------------------------------------
     0 | D:1      | tilp the Draconian Cinder Acolyte began the quest for the
                  | Orb.
     0 | D:1      | Reached XP level 1. HP: 19/19 MP: 2/2
   105 | D:1      | Found Eblyngo's General Store.
   157 | D:1      | Found a faded altar of an unknown god.
   204 | D:1      | Got Plato's Tome of the Blaze
   207 | D:1      | Learned a level 1 spell: Foxfire
   247 | D:1      | Found Ewigoh's Antique Armour Boutique.
   429 | D:1      | Reached XP level 2. HP: 26/26 MP: 3/3
   465 | D:1      | Found Honer's General Store.
   469 | D:1      | Learned a level 2 spell: Scorch
  1025 | D:2      | Reached skill level 4 in Maces & Flails
  1266 | D:2      | Reached XP level 3. HP: 27/31 MP: 4/4
  2300 | D:3      | Reached XP level 4. HP: 38/38 MP: 0/5
  2310 | D:3      | Reached skill level 5 in Maces & Flails
  2740 | D:3      | Noticed Terence
  3624 | D:3      | Found a shimmering altar of Xom.
  3629 | D:3      | Reached XP level 5. HP: 43/45 MP: 6/6
  3848 | D:4      | Noticed an orc warrior
  3895 | D:4      | Reached skill level 6 in Maces & Flails
  3946 | D:4      | Noticed a wyvern
  3953 | D:4      | HP: 1/45 [wyvern (11)]
  3956 | D:4      | Mangled by a wyvern

Illustrated notes

Levels and vault maps discovered:
D:1:      heliophobic_arrival_dark_side_of_the_moon, layout_loops_ring,
          shapermc_ecumenical_altar_rom_forum, serial_shops, shop,
          nicolae_shop_statue_plus, nicolae_shop_window_shopping
D:2:      layout_loops_ring, kennysheep_potato
D:3:      layout_basic, tgw_xom, minmay_box_of_dots, uniq_terence
D:4:      gammafunk_steamed_eel, layout_cave_pods, small_statue_intersection

Skill      XL: |  1  2  3  4  5 |
---------------+----------------+-----
Maces & Flails | 4 5 6 |  6.0
Fighting       | |  3.3
Dodging        | |  0.4
Stealth        | |  0.2
Spellcasting   | |  1.0
Fire Magic     | |  3.0

Action                   |  1- 3 |  4- 6 || total
-------------------------+-------+-------++-------
Melee: Mace              |    67 |    62 ||   129
       Tailslap          |     2 |     7 ||     9
 Cast: Foxfire           |    13 |     2 ||    15
       Scorch            |    10 |    10 ||    20
  Use: Scroll            |     6 |     3 ||     9
       Potion            |       |     2 ||     2
Armor: Skin              |    22 |    26 ||    48
Dodge: Dodged            |    39 |    38 ||    77

Table legend: (Time is in decaauts)
 A = Elapsed time spent in this place.
 B = Non-inter-level travel time spent in this place.
 C = Inter-level travel time spent in this place.
 D = Time resting spent in this place.
 E = Time spent auto-exploring this place.
 F = Levels seen in this place.
 G = Mean time per level.
                   A        B        C        D        E       F      G
               +--------+--------+--------+--------+--------+-----+--------+
         Total |   3983 |   3733 |    250 |    240 |   2963 |   4 |  995.8 |
       Dungeon |   3983 |   3733 |    250 |    240 |   2963 |   4 |  995.8 |
               +--------+--------+--------+--------+--------+-----+--------+

Top non-repeatable levels by time:
     D:2: 1532 daAuts
     D:3: 1466 daAuts
     D:1: 915 daAuts
     D:4: 69 daAuts
